 Dungeon Crawl Stone Soup version 0.30-a0-169-g06f667207d (webtiles) character file.

Game seed: 13077229991523507159

291 qw the Chopper (level 6, 0/38 HPs)
             Began as a Gargoyle Fighter on Sept 29, 2022.
             Was an Initiate of Okawaru.
             Slain by an ogre
             ... wielding a +0 giant spiked club
              (18 damage)
             ... on level 5 of the Dungeon.
             The game lasted 00:01:23 (3827 turns).

qw the Chopper (Gargoyle Fighter)                   Turns: 3827, Time: 00:01:24

Health: 0/38       AC: 14    Str: 21    XL:     6   Next: 32%
Magic:  6/6        EV:  7    Int:  9    God:    Okawaru [......]
Gold:   175        SH:  9    Dex:  9    Spells: 5/5 levels left

rFire   + . .      SeeInvis .    Y - +0 war axe
rCold   . . .      Faith    .    c - +0 buckler
rNeg    + . .      Spirit   .    f - +0 chain mail
rPois   inf        Reflect  +    (no helmet)
rElec   +          Harm     .    (no cloak)
rCorr   .          Rampage  .    k - +0 pair of gloves
Will    .....                    (no boots)
Stlth   ..........               a - amulet of reflection
HPRegen 0.12/turn                b - ring of protection from fire
MPRegen 0.10/turn                (no ring)

@: no status effects
A: sickness immunity, AC +4, negative energy resistance 1, electricity
resistance, torment resistance 1, petrification resistance
a: Renounce Religion


You were on level 5 of the Dungeon.
You worshipped Okawaru.
Okawaru was noncommittal.
You visited 2 branches of the dungeon, and saw 6 of its levels.

You collected 175 gold pieces.


Innate Abilities, Weirdness & Mutations

You are immune to sickness and miasma.
Your stone body is resilient. (AC +4)
You are immune to poison.
You resist negative energy. (rN+)
You are resistant to electric shocks. (rElec)
You are resistant to unholy torment.
You are immune to petrification.


   Skills:
 - Level 4.2 Fighting
 + Level 5.4 Axes
 - Level 3.2 Armour
 - Level 3.2 Shields


You had 5 spell levels left.
You didn't know any spells.
Your spell library was empty.

Inventory:

Hand Weapons
 j - a +0 mace
 Y - a +0 war axe (weapon)
Armour
 c - a +0 buckler (worn)
 f - a +0 chain mail (worn)
 k - a +0 pair of gloves (worn)
Jewellery
 a - an amulet of reflection (around neck)
 b - a ring of protection from fire (left hand)
Scrolls
 e - a scroll of identify
Potions
 d - a potion of might
 h - a potion of heal wounds
 i - 4 potions of curing
 n - a potion of ambrosia {unknown}

Dungeon Overview and Level Annotations

Branches:
Dungeon (5/15)             Temple (1/1) D:4

Altars:
Cheibriados
Dithmenos
Elyvilon
Fedhas
Gozag
Kikubaaqudgha
Makhleb
Okawaru
Ru
Sif Muna
Uskayaw
Wu Jian
Yredelemnul
Zin
The Shining One

Annotations:
D:4 1 runed translucent door, Crazy Yiuf


Message History

You slash the howler monkey!
You kill the howler monkey!
Okawaru accepts your kill.
You hit the iguana. The iguana barely misses you.
You hit the iguana but do no damage.
The iguana is lightly wounded.
The iguana bites you but does no damage.
You closely miss the iguana.
The iguana is lightly wounded.
You block the iguana's attack.
You slash the iguana!
The iguana is almost dead.
You barely miss the ogre. The iguana barely misses you.
The ogre hits you with a +0 giant spiked club.
The iguana barely misses you.
You slash the iguana!
You kill the iguana!
Okawaru accepts your kill.
You hit the ogre. You block the ogre's attack.
You slash the ogre!
The ogre is heavily wounded.
The ogre barely misses you.
You hit the ogre.
The ogre is severely wounded.
The ogre closely misses you.
You barely miss the ogre.
The ogre is severely wounded.
The ogre hits you with a +0 giant spiked club!!
You hit the ogre.
The ogre is severely wounded.
The ogre barely misses you.
You hit the ogre.
The ogre is severely wounded.
You barely miss the ogre.
The ogre is severely wounded.
The ogre hits you with a +0 giant spiked club!!
You die...

... ... ..
#'##### ......#
......#
#########O.....#
........@.......
#[......#......#
#.#####.#......#
#..<#.#......#
#.###.#......#
#.....#.?....#
#######......#
......#


You could see an ogre.

Vanquished Creatures
  A howler monkey (D:5)
  A hound (D:4)
  An iguana (D:5)
  A river rat (D:3)
  9 adders
  An ufetubus (D:3)
  6 worms
  3 dart slugs
  2 orcs
  9 ball pythons
  8 endoplasms
  4 giant cockroaches
  5 goblins
  8 hobgoblins
  A quokka (D:1)
  2 bats
  3 frilled lizards
  6 kobolds
  3 rats
74 creatures vanquished.

Notes
Turn   | Place    | Note
-------+----------+-------------------------------------------
     0 | D:1      | qw the Gargoyle Fighter began the quest for the Orb.
     0 | D:1      | Reached XP level 1. HP: 14/14 MP: 1/1
     0 | D:1      | 0 ||| qw: Version: 0.2-a-12-gaebbb33
     0 | D:1      | 0 ||| qw: Game counter: 1336
     0 | D:1      | 0 ||| qw: Always use a shield: true
     0 | D:1      | 0 ||| qw: God list: Okawaru
     0 | D:1      | 0 ||| qw: Allow faded altars: false
     0 | D:1      | 0 ||| qw: Do Orc after D:15 true
     0 | D:1      | 0 ||| qw: Do second Lair branch before Depths: true
     0 | D:1      | 0 ||| qw: Lair rune preference: random
     0 | D:1      | 0 ||| qw: Plans: Normal, Zot:1-4, God:TSO, Crypt, Tomb,
                  | Pan, Slime:5, Hells, Abyss, Orb
     0 | D:1      | 0 ||| PLANNING D:1-11
   128 | D:1      | Reached skill level 2 in Axes
   146 | D:1      | Reached XP level 2. HP: 19/19 MP: 2/2
   450 | D:1      | 450 ||| Stepping ~*~*~tactically~*~*~ (stealth).
   574 | D:1      | Reached skill level 3 in Axes
   684 | D:1      | Reached XP level 3. HP: 23/23 MP: 3/3
   832 | D:1      | 832 ||| UPGRADING to +0 pair of gloves.
   837 | D:1      | 837 ||| READING scroll labelled GOEMIPTUCU.
   837 | D:1      | Identified a scroll of acquirement
   837 | D:1      | 837 ||| ACQUIRING amulet of reflection
   837 | D:1      | Acquired an amulet of reflection
   839 | D:1      | 839 ||| UPGRADING to amulet of reflection.
   844 | D:1      | 844 ||| READING scroll labelled HOWATES IT WAST.
   845 | D:1      | 845 ||| DRINKING 2 metallic pink potions.
   938 | D:2      | 938 ||| DROPPING +0 club.
   983 | D:2      | 983 ||| Stepping ~*~*~tactically~*~*~ (stealth).
   985 | D:2      | 985 ||| Stepping ~*~*~tactically~*~*~ (stealth).
  1185 | D:2      | 1185 ||| Stepping ~*~*~tactically~*~*~ (stealth).
  1253 | D:2      | Found a faded altar of an unknown god.
  1516 | D:2      | 1516 ||| UPGRADING to +0 chain mail.
  1526 | D:2      | 1526 ||| DROPPING +0 scale mail.
  1527 | D:2      | 1527 ||| READING scroll labelled ZUESYDDA FIEQ.
  1562 | D:3      | 1562 ||| PLANNING SEWER
  1567 | D:3      | 1567 ||| Stepping ~*~*~tactically~*~*~ (hiding).
  1774 | D:3      | 1774 ||| Stepping ~*~*~tactically~*~*~ (stealth).
  1777 | D:3      | 1777 ||| Stepping ~*~*~tactically~*~*~ (stealth).
  1785 | D:3      | Reached XP level 4. HP: 28/28 MP: 4/4
  1791 | D:3      | Found a shadowy altar of Dithmenos.
  1792 | D:3      | 1792 ||| Stepping ~*~*~tactically~*~*~ (stealth).
  1830 | D:3      | Reached skill level 4 in Axes
  2250 | D:3      | 2250 ||| RIP SEWER
  2427 | D:3      | 2427 ||| PLANNING D:1-11
  2434 | D:3      | Reached XP level 5. HP: 32/32 MP: 5/5
  2864 | D:3      | 2864 ||| UPGRADING to ring of protection from fire.
  2865 | D:3      | 2865 ||| READING 2 scrolls labelled IQIAFOYRGHI.
  2866 | D:3      | 2866 ||| READING scroll labelled JAED WOMUOB.
  2867 | D:3      | 2867 ||| READING scroll labelled XUPTYR ARULI.
  2868 | D:3      | 2868 ||| READING scroll labelled MULIESHREATUMA.
  2869 | D:3      | 2869 ||| DRINKING 2 sapphire potions.
  2870 | D:3      | 2870 ||| DROPPING potion of brilliance.
  2948 | D:4      | 2948 ||| Stepping ~*~*~tactically~*~*~ (stealth).
  2949 | D:4      | 2949 ||| Stepping ~*~*~tactically~*~*~ (stealth).
  2959 | D:4      | Reached skill level 5 in Axes
  2982 | D:4      | 2982 ||| Stepping ~*~*~tactically~*~*~ (stealth).
  2986 | D:4      | 2986 ||| Stepping ~*~*~tactically~*~*~ (stealth).
  2991 | D:4      | 2991 ||| Stepping ~*~*~tactically~*~*~ (stealth).
  2994 | D:4      | Found a staircase to the Ecumenical Temple.
  2995 | D:4      | 2995 ||| PLANNING TEMPLE
  2995 | D:4      | 2995 ||| READING 2 scrolls of identify.
  2995 | D:4      | 2995 ||| IDENTIFYING silvery potion
  3008 | Temple   | Entered the Ecumenical Temple
  3008 | Temple   | Found a transporter.
  3008 | Temple   | Found a transporter.
  3010 | Temple   | Found a transporter.
  3010 | Temple   | Found a transporter.
  3020 | Temple   | 3020 ||| PLANNING D:1-11
  3081 | Temple   | 3081 ||| PLANNING OKAWARU WORSHIP
  3085 | Temple   | Became a worshipper of Warmaster Okawaru
  3086 | Temple   | 3086 ||| PLANNING D:1-11
  3202 | D:4      | 3202 ||| Stepping ~*~*~tactically~*~*~ (stealth).
  3204 | D:4      | 3204 ||| Stepping ~*~*~tactically~*~*~ (stealth).
  3227 | D:4      | Found a sacrificial altar of Ru.
  3514 | D:4      | 3514 ||| Stepping ~*~*~tactically~*~*~ (stealth).
  3526 | D:4      | Reached XP level 6. HP: 38/38 MP: 6/6
  3568 | D:4      | Found a runed translucent door.
  3569 | D:4      | Noticed Crazy Yiuf
  3758 | D:4      | 3758 ||| READING 2 scrolls labelled CICOQUOGEG.
  3759 | D:4      | 3759 ||| READING scroll labelled SID WYAWNUZAH.
  3760 | D:4      | 3760 ||| READING 2 scrolls of identify.
  3760 | D:4      | 3760 ||| IDENTIFYING fizzy dark potion
  3761 | D:4      | 3761 ||| DROPPING scroll of poison.
  3762 | D:4      | 3762 ||| DROPPING potion of degeneration.
  3800 | D:5      | Entered Level 5 of the Dungeon
  3827 | D:5      | Slain by an ogre

Levels and vault maps discovered:
D:1:      minmay_arrival_nine_rooms, layout_loops_ring
D:2:      layout_basic, hellmonk_ecumenical_altar_prayer_group,
          grunt_ministairs_4
D:3:      layout_loops_ring, nicolae_dithmenos_through_a_glass_darkly,
          lightli_sewer_entry_pipes, roderic_serpentine_path
D:4:      layout_loops_cross, nicolae_ru_sacrificial_ziggurat, temple_pool_b,
          uniq_crazy_yiuf_cottage
D:5:      layout_basic
Temple:   hellmonk_temple_divided_pantheon

Skill      XL: |  1  2  3  4  5 |
---------------+----------------+-----
Axes           | 2 3 4 5 |  5.4
Fighting       | 4 |  4.2
Armour         | |  3.2
Shields        | |  3.2

Action                   |  1- 3 |  4- 6 || total
-------------------------+-------+-------++-------
Melee: War axe           |    99 |   158 ||   257
  Use: Scroll            |     3 |     8 ||    11
       Potion            |     1 |     1 ||     2
Armor: Scale mail        |    42 |       ||    42
       Chain mail        |    11 |    66 ||    77
Dodge: Dodged            |    38 |    35 ||    73
Block: Buckler           |    36 |    54 ||    90
       Reflection        |     1 |     2 ||     3

Table legend:
 A = Non-vault XP
 B = Vault XP
 C = Vault XP percentage of total XP
 D = Non-vault monster count
 E = Vault monster count
 F = Vault count percentage of total count
                 A         B        C        D         E       F
            +---------+---------+-------+---------+---------+-------
      Total |     334 |      82 |  19.7 |      61 |      13 |  17.6
            +---------+---------+-------+---------+---------+-------
        D:1 |      39 |       0 |   0.0 |      20 |       0 |   0.0
        D:2 |      24 |       8 |  25.0 |       8 |       4 |  33.3
        D:3 |      51 |      74 |  59.2 |      14 |       9 |  39.1
        D:4 |     126 |       0 |   0.0 |      17 |       0 |   0.0
        D:5 |      94 |       0 |   0.0 |       2 |       0 |   0.0
            +---------+---------+-------+---------+---------+-------
